 Dungeon Crawl Stone Soup version 0.28-a0-1613-gdaab1c2f9b (webtiles) character file.

Game seed: 17070921686931615614

4436 murtidash the Frost Mage (level 9, -3/74 HPs)
             Began as a Demigod Ice Elementalist on Jan 21, 2022.
             Slain by a slime creature (12 damage)
             ... on level 6 of the Dungeon.
             The game lasted 00:19:09 (9916 turns).

murtidash the Frost Mage (Demigod Ice Elementalist) Turns: 9916, Time: 00:19:09

Health: -3/74      AC: 10    Str: 13    XL:     9   Next: 92%
Magic:  13/23      EV: 11    Int: 25    God:
Gold:   462        SH:  0    Dex: 14    Spells: 11/21 levels left

rFire   . . .      SeeInvis .   G - +1 scimitar (protect)
rCold   . . .      Faith    .   (no shield)
rNeg    . . .      Spirit   .   m - +3 leather armour {rPois}
rPois   +          Reflect  .   j - +2 helmet
rElec   .          Harm     .   i - scarf {shadows}
rCorr   .          Rampage  .   (no gloves)
Will    .....                   d - +0 pair of boots
Stlth   ++........              (no amulet)
HPRegen 0.22/turn               (no ring)
MPRegen 0.18/turn               (no ring)

@: freezing walls
A: high mp 1, forlorn, divine attributes
a: no special abilities


You were on level 6 of the Dungeon.
You visited 1 branch of the dungeon, and saw 7 of its levels.
You also visited: Sewer.

You collected 462 gold pieces.

Inventory:

Hand Weapons
 h - a +0 whip
   (You found it on level 1 of the Dungeon)
 u - a +1 long sword of draining
   (You found it on level 4 of the Dungeon)
 v - a +0 short sword of flaming
   (You took it off a kobold brigand in a sewer)
 G - a +1 scimitar of protection (weapon)
   (You found it on level 7 of the Dungeon)
Armour
 a - a +0 robe
 d - a +0 pair of boots (worn)
   (You found it on level 1 of the Dungeon)
 i - a scarf of shadows (worn)
   (You found it on level 2 of the Dungeon)
 j - a +2 helmet (worn)
   (You took it off Robin on level 2 of the Dungeon)
 m - a +3 leather armour of poison resistance (worn)
   (You took it off Ijyb on level 3 of the Dungeon)
 E - the +0 cloak of Wu Jian's Outrage {rC+}
   (You found it on level 6 of the Dungeon)

   rC:        It protects you from cold.
Magical Staves
 s - a staff of poison {rPois}
   (You found it on level 3 of the Dungeon)
Jewellery
 l - a ring of resist corrosion
   (You took it off a goblin on level 3 of the Dungeon)
 F - the ring of Vanity {Will- MP+9 Str+6 Dex+8 Stlth-}
   (You found it on level 7 of the Dungeon)

   [ring of strength]

   Str:       It affects your strength (+6).
   Dex:       It affects your dexterity (+8).
   MP:        It affects your magic capacity (+9).
   Will:      It decreases your willpower.
   Stlth:     It makes you less stealthy.
Wands
 D - a wand of acid (4)
   (You found it on level 6 of the Dungeon)
Scrolls
 c - a scroll of torment {unknown}
 e - 3 scrolls of teleportation
 g - 7 scrolls of identify {unknown}
 n - 2 scrolls of fog {unknown}
 q - 3 scrolls of vulnerability {unknown}
 x - a scroll of summoning {unknown}
 y - 2 scrolls of fear {unknown}
 z - a scroll of amnesia {unknown}
 C - a scroll of silence {unknown}
Potions
 b - 3 potions of attraction {unknown}
 f - 3 potions of heal wounds
 k - 5 potions of curing
 o - 2 potions of degeneration {unknown}
 p - a potion of ambrosia {unknown}
 r - 2 potions of might {unknown}
 t - a potion of mutation {unknown}
 w - 2 potions of haste {unknown}
 A - a potion of lignification {unknown}
 B - 2 potions of magic {unknown}


   Skills:
 + Level 5.3 Fighting
 - Level 1.7 Dodging
 - Level 1.7 Stealth
 + Level 6.9 Spellcasting
 - Level 5.0 Hexes
 + Level 9.4 Ice Magic


You had 11 spell levels left.
You knew the following spells:

 Your Spells              Type           Power      Damage    Failure   Level
a - Freeze                Ice            100%       1d11      1%          1
b - Frozen Ramparts       Ice            100%       1d12      1%          3
c - Ozocubu's Armour      Ice            54%        N/A       1%          3
d - Tukima's Dance        Hex            33%        N/A       3%          3

Your spell library contained the following spells:

 Spells                   Type           Power      Damage    Failure   Level
 Summon Small Mammal      Summ           32%        N/A       9%          1
 Summon Guardian Golem    Hex/Summ       21%        N/A       10%         3
 Hailstorm                Conj/Ice       32%        3d8       12%         4
 Metabolic Englaciation   Hex/Ice        22%        N/A       12%         5
 Call Canine Familiar     Summ           8%         N/A       26%         3
 Passage of Golubria      Tloc           8%         N/A       65%         4
 Petrify                  Tmut/Erth      8%         N/A       65%         4
 Yara's Violent Unravell  Hex/Tmut       10%        3d6       65%         5
 Statue Form              Tmut/Erth      5%         N/A       100%        6


Dungeon Overview and Level Annotations

Branches:
Dungeon (7/15)             Temple (0/1) D:4           Sewer (visited)


Innate Abilities, Weirdness & Mutations

You have an increased reservoir of magic. (+10% MP)
You shall have no god before yourself.
Your divine heritage dramatically boosts your attributes as you level up.


Message History

Your +1 scimitar of protection hits Harold but does no damage.
Aim: Harold, wearing a +0 chain mail and quivering a throwing net (severely wounded, ally target)
You miscast Freeze.
You are very lightly contaminated with residual magic.
Nothing appears to happen.
The wall freezes Harold.
Harold hits you!
Your +1 scimitar of protection hits Harold but does no damage.
You take 10 damage, and have 54/74 hp.
You now have 12/22 mp.
Aim: Harold, wearing a +0 chain mail and quivering a throwing net (almost dead, ally target)
You freeze Harold!
The wall freezes Harold.
Harold barely misses you.
You now have 11/22 mp.
Aim: Harold, wearing a +0 chain mail and quivering a throwing net (almost dead, ally target)
You freeze Harold.
You kill Harold!
Harold groans, "My... family..." and then collapses, dead.
The frozen ramparts melt away.
You now have 10/23 mp.
You swap places.
Things that are here:
a throwing net {=f, !d}; a +0 chain mail You start resting.
Your magical contamination has completely faded away.
You see here a +1 scimitar of protection.
G - a +1 scimitar of protection Unknown command.
Your +1 scimitar of protection hums with potential!
G - a +1 scimitar of protection (weapon)
The sentinel's mark upon you fades away.
B - 2 sapphire potions (gained 1)
You now have 448 gold pieces (gained 14).
You now have 462 gold pieces (gained 14).
There is a stone staircase leading up here.
You see here a hound corpse. 2 slime creatures come into view.
The slime creature quivers.
Health restored: 74; MP restored: 23 The walls around you are covered in ice.
The slime creature quivers.
A slime creature comes into view.
The wall freezes the slime creature.
You now have 20/23 mp.
Your frozen ramparts will break if you move.
Continue?
Okay, then.
A film of ice covers your body!
Two slime creatures merge to form a large slime creature.
The wall freezes the slime creature!
The slime creature hits you!
You take 12 damage, and have 62/74 hp.
You now have 17/23 mp.
Your icy armour and frozen ramparts will break if you move.
Continue?
Your icy armour cracks and falls away as you move.
The frozen ramparts melt away as you move.
You see here a +0 falchion.
The slime creature hits you.
You take 2 damage, and have 62/74 hp.
The slime creature quivers.
The slime creature closely misses you. The slime creature barely misses you.
The walls around you are covered in ice.
The slime creature barely misses you.
The wall freezes the slime creature!
The slime creature closely misses you.
You now have 16/23 mp.
Aim: a slime creature (moderately wounded)
You freeze the slime creature! The slime creature hits you!
The wall freezes the slime creature!
The slime creature hits you!
You take 26 damage, and have 37/74 hp.
MASSIVE DAMAGE!!
You now have 15/23 mp.
Your frozen ramparts will break if you move.
Continue?
The frozen ramparts melt away as you move.
The slime creature barely misses you. The slime creature hits you.
You take 6 damage, and have 31/74 hp.
Two slime creatures merge to form a large slime creature.
There is a stone staircase leading up here.
The slime creature hits you!
You climb upwards.
There is a stone staircase leading down here.
You take 12 damage, and have 23/74 hp.
A stone staircase leading down.
The walls around you are covered in ice.
The wall freezes the slime creature.
The slime creature hits you.
* * * LOW HITPOINT WARNING * * *
You take 2 damage, and have 21/74 hp.
You now have 16/23 mp.
You hit the slime creature but do no damage.
Your weapon exudes an aura of protection.
The wall freezes the slime creature.
The slime creature hits you but does no damage.
The wall freezes the slime creature.
The slime creature hits you!
* * * LOW HITPOINT WARNING * * *
You take 7 damage, and have 14/74 hp.
Aim: a slime creature (lightly wounded)
You freeze the slime creature!
The wall freezes the slime creature!
The slime creature hits you but does no damage.
Aim: a slime creature (moderately wounded)
You freeze the slime creature.
The wall freezes the slime creature!
The slime creature hits you but does no damage.
You now have 15/23 mp.
Aim: a slime creature (heavily wounded)
You freeze the slime creature!
The wall freezes the slime creature!
The slime creature hits you.
* * * LOW HITPOINT WARNING * * *
You take 6 damage, and have 9/74 hp.
You now have 14/23 mp.
Aim: a slime creature (severely wounded)
You freeze the slime creature.
The wall freezes the slime creature.
The slime creature hits you!
You die...

..###.........#.....# #..#
...######.##........# #..# ...##
##..###.#.....# ##..# ....###..##
#.#.....# ###...# ......#.##
#..##.### #.....# ##.##....##
##.##.# #.....# #.####.รท.##
#.##.#####.....#
#....#.#..###.##...........#
####.#.##.#....@..####.....#
#.#.##.#.##J##..........#
##........##..###........#
##....##.#............###.#
###...#.##.#.###.###....# #.#
..#>.##....#.# #.#.....####.####
#.......##...# #<..###.###.....##
....###......###...##..##.......#
.#### #####...##.#....##.........


You could see a slime creature.

Vanquished Creatures
  Harold (D:7)
  Pikel (D:4)
  The ghost of indyram44 the Insei, a novice DsGl of Yredelemnul (D:4)
  Grinder (D:5)
  Prince Ribbit (D:7)
  Sigmund (D:2)
  2 water moccasins
  2 ice beasts
  A necrophage (D:5)
  A sky beast (D:6)
  2 ogres
  A centaur (D:7)
  A lemure (D:4)
  A phantom (D:4)
  Blork the orc (D:5)
  2 kobold brigands (Sewer)
  A wyvern zombie (D:6)
  3 scorpions
  2 water moccasin zombies (D:5)
  A wyvern skeleton (D:6)
  A water moccasin skeleton (D:5)
  A bullfrog zombie (D:4)
  A centaur zombie (D:7)
  Crazy Yiuf (D:3)
  4 hounds
  3 jellies
  Jessica (D:3)
  4 iguanas
  Ijyb (D:3)
  2 orc wizards
  3 killer bee zombies (D:4)
  A hound skeleton (D:4)
  A howler monkey zombie (D:5)
  Robin (D:2)
  A howler monkey skeleton (D:4)
  9 gnolls
  10 adders
  6 river rats
  A shadow imp (D:6)
  A white imp (D:7)
  4 worms
  2 dart slugs
  13 orcs
  9 ball pythons
  7 endoplasms
  5 giant cockroaches
  18 goblins
  10 hobgoblins
  4 jackals (Sewer)
  3 quokkas
  5 bats
  6 frilled lizards
  9 kobolds
  17 rats
192 creatures vanquished.

Vanquished Creatures (others)
  16 plants (Sewer)
16 creatures vanquished.

Grand Total: 208 creatures vanquished

Notes
Turn   | Place    | Note
-------+----------+-------------------------------------------
     0 | D:1      | murtidash the Demigod Ice Elementalist began the quest for
                  | the Orb.
     0 | D:1      | Reached XP level 1. HP: 14/14 MP: 5/5
   148 | D:1      | Reached skill level 2 in Spellcasting
   486 | D:1      | Reached XP level 2. HP: 17/20 MP: 4/7
   590 | D:1      | Reached skill level 4 in Ice Magic
  1590 | D:2      | Noticed Sigmund
  1606 | D:2      | Killed Sigmund
  1607 | D:2      | Reached skill level 3 in Spellcasting
  1607 | D:2      | Reached skill level 5 in Ice Magic
  1607 | D:2      | Reached XP level 3. HP: 15/26 MP: 0/10
  1607 | D:2      | Reached XP level 4. HP: 19/33 MP: 0/11
  1607 | D:2      | Reached XP level 5. HP: 22/38 MP: 0/12
  1758 | D:2      | Learned a level 3 spell: Frozen Ramparts
  2473 | D:2      | Noticed Robin
  2480 | D:2      | Killed Robin
  2639 | D:3      | Noticed Ijyb
  2643 | D:3      | Killed Ijyb
  2786 | D:3      | Noticed an ice beast
  2791 | D:3      | Learned a level 3 spell: Ozocubu's Armour
  2833 | D:3      | HP: 5/38 [ice beast (11)]
  2844 | D:3      | Killed an ice beast
  2845 | D:3      | Reached skill level 1 in Hexes
  2845 | D:3      | Reached skill level 6 in Ice Magic
  2845 | D:3      | Reached XP level 6. HP: 8/45 MP: 12/14
  3520 | D:3      | Noticed Jessica
  3524 | D:3      | Killed Jessica
  3631 | D:3      | Found a runed translucent door.
  3632 | D:3      | Noticed Crazy Yiuf
  3936 | D:3      | Killed Crazy Yiuf
  4018 | D:4      | Reached skill level 2 in Hexes
  4127 | D:4      | Reached XP level 7. HP: 40/50 MP: 7/16
  4277 | D:4      | HP: 9/50 [phantom (2)]
  4292 | D:4      | Reached skill level 4 in Spellcasting
  4462 | D:4      | Found a staircase to the Ecumenical Temple.
  4502 | D:4      | Found a glowing drain.
  4517 | Sewer    | Entered a sewer
  4636 | Sewer    | Reached skill level 7 in Ice Magic
  4995 | Sewer    | Reached skill level 3 in Hexes
  5651 | D:4      | Found a transporter.
  5651 | D:4      | Noticed indyram44's ghost (novice DsGl)
  5657 | D:4      | Found a transporter.
  6515 | D:4      | Noticed Pikel
  6522 | D:4      | Killed Pikel
  6523 | D:4      | Reached skill level 2 in Fighting
  6523 | D:4      | Reached skill level 5 in Spellcasting
  6523 | D:4      | Reached skill level 4 in Hexes
  6523 | D:4      | Reached XP level 8. HP: 52/61 MP: 13/19
  6720 | D:4      | Learned a level 3 spell: Tukima's Dance
  6751 | D:4      | Killed indyram44's ghost
  6752 | D:4      | Reached skill level 8 in Ice Magic
  7006 | D:5      | Entered Level 5 of the Dungeon
  7105 | D:5      | Reached skill level 3 in Fighting
  7431 | D:5      | Reached XP level 9. HP: 70/70 MP: 21/21
  7452 | D:5      | Noticed Blork the orc
  7462 | D:5      | Killed Blork the orc
  7558 | D:5      | Noticed Grinder
  7566 | D:5      | Paralysed by Grinder for 3 turns
  7591 | D:5      | Killed Grinder
  7592 | D:5      | Reached skill level 5 in Hexes
  8133 | D:5      | Reached skill level 6 in Spellcasting
  8533 | D:6      | Reached skill level 4 in Fighting
  9081 | D:6      | Identified the +0 cloak of Wu Jian's Outrage {rC+}
  9274 | D:7      | Noticed Harold
  9341 | D:7      | Reached skill level 9 in Ice Magic
  9432 | D:7      | Identified the ring of Vanity {Will- MP+9 Str+6 Dex+8
                  | Stlth-}
  9623 | D:7      | Noticed Prince Ribbit
  9629 | D:7      | Killed Prince Ribbit
  9630 | D:7      | Reached skill level 5 in Fighting
  9734 | D:7      | Killed Harold
  9912 | D:6      | HP: 14/74 [slime creature (7)]
  9916 | D:6      | Slain by a slime creature

Illustrated notes

Levels and vault maps discovered:
D:1:      minmay_arrival_stair_chambers, layout_basic, minmay_hedge_maze
D:2:      layout_basic, basic_altar, shapermc_ecumenical_altar_notcrosses,
          uniq_robin, uniq_sigmund
D:3:      layout_basic, minmay_misc_feat_cross, minmay_misc_feat_tower,
          minivault_5, uniq_crazy_yiuf_cottage, uniq_jessica, uniq_ijyb
D:4:      minmay_bubble_buster, layout_basic, minmay_temple_entry_mist,
          gammafunk_ghost_mausoleum, portal_sewer_entry_b, uniq_pikel
D:5:      minmay_general_purpose_star, layout_basic, uniq_grinder,
          uniq_blork_the_orc
D:6:      layout_rooms
D:7:      layout_rooms, uniq_prince_ribbit1, uniq_harold

Skill      XL: |  1  2  3  4  5  6  7  8  9 |
---------------+----------------------------+-----
Spellcasting   | 2 3 5 6 |  6.9
Ice Magic      | 5 6 7 8 9 |  9.4
Hexes          | 1 2 4 5 |  5.0
Fighting       | 2 3 5 |  5.3
Dodging        | |  1.7
Stealth        | |  1.7

Action                   |  1- 3 |  4- 6 |  7- 9 || total
-------------------------+-------+-------+-------++-------
Melee: Unarmed           |     7 |       |       ||     7
       Whip              |     1 |   100 |    41 ||   142
       Punch             |       |     1 |     4 ||     5
       Long sword        |       |       |   302 ||   302
       Scimitar          |       |       |     1 ||     1
 Cast: Freeze            |    40 |    47 |    59 ||   146
       Frozen Ramparts   |       |    10 |    53 ||    63
       Ozocubu's Armour  |       |       |    10 ||    10
       Tukima's Dance    |       |       |     3 ||     3
Evoke: Wand              |       |     5 |       ||     5
  Use: Potion            |     3 |       |     1 ||     4
       Scroll            |       |       |     1 ||     1
 Stab: Paralysed         |       |    27 |       ||    27
       Sleeping          |       |     3 |     1 ||     4
Armor: Robe              |     8 |     8 |       ||    16
       Leather armour    |       |    12 |   276 ||   288
Dodge: Dodged            |    14 |    61 |   291 ||   366

Table legend: (Time is in decaauts)
 A = Elapsed time spent in this place.
 B = Non-inter-level travel time spent in this place.
 C = Inter-level travel time spent in this place.
 D = Time resting spent in this place.
 E = Time spent auto-exploring this place.
 F = Levels seen in this place.
 G = Mean time per level.
                   A        B        C        D        E       F      G
               +--------+--------+--------+--------+--------+-----+--------+
         Total |  10206 |   9918 |    288 |    176 |   7951 |   8 | 1275.8 |
       Dungeon |   9102 |   8814 |    288 |    176 |   7015 |   7 | 1300.3 |
         Sewer |   1104 |   1104 |      0 |      0 |    935 |   1 | 1104.0 |
               +--------+--------+--------+--------+--------+-----+--------+

Top non-repeatable levels by time:
     D:4: 2119 daAuts
     D:3: 1407 daAuts
     D:5: 1334 daAuts
     D:1: 1316 daAuts
     D:2: 1290 daAuts
   Sewer: 1104 daAuts
     D:6: 949 daAuts
     D:7: 684 daAuts

Table legend:
 A = Kills in this place as a percentage of kills in entire the game.
 B = Kills by you in this place as a percentage of kills by you in the entire game.
 C = Kills by friends in this place as a percentage of kills by friends in the entire game.
 D = Other kills in this place as a percentage of other kills in the entire game.
 E = Experience gained in this place as a percentage of experience gained in the entire game.
 F = Experience gained in this place divided by the number of levels of this place that you have seen.
                   A       B       C       D       E      F
               +-------+-------+-------+-------+-------+----------------------
         Total | 100.0 | 100.0 |   N/A |   N/A | 100.0 | 792.2
       Dungeon |  86.9 |  86.9 |   N/A |   N/A |  94.9 | 859.1
         Sewer |  13.1 |  13.1 |   N/A |   N/A |   5.1 | 324.0
               +-------+-------+-------+-------+-------+----------------------
